 Dungeon Crawl Stone Soup version 0.28-a0-724-g66f9036eb4 (webtiles) character file.

Game seed: 17493032946095736195

588 RepHenryClay the Tainter (level 7, -3/55 HPs)
             Began as a Naga Venom Mage on Oct 26, 2021.
             Was an Initiate of Vehumet.
             Slain by a troll (6 damage)
             ... on level 5 of the Dungeon.
             The game lasted 00:08:29 (6173 turns).

RepHenryClay the Tainter (Naga Venom Mage)          Turns: 6173, Time: 00:08:30

Health: -3/55      AC:  4    Str: 10    XL:     7   Next: 38%
Magic:  3/11       EV: 10    Int: 17    God:    Vehumet [......]
Gold:   224        SH:  0    Dex: 12    Spells: 2/12 levels left

rFire   . . .      SeeInvis +   b - +3 quarterstaff
rCold   . . .      Faith    .   (shield currently unavailable)
rNeg    . . .      Spirit   .   a - +0 robe
rPois   +          Reflect  .   (no helmet)
rElec   .          Harm     .   (no cloak)
rCorr   .          Rampage  .   h - +0 pair of gloves
Will    .....                   (no barding)
Stlth   ++........              (no amulet)
HPRegen 0.18/turn               (no ring)
MPRegen 0.12/turn               (no ring)

@: very slow
A: AC +2, large, see invisible, deformed body, poison resistance, slowness 2,
spit poison 1, naga tail 1
a: Spit Poison, Renounce Religion


You were on level 5 of the Dungeon.
You worshipped Vehumet.
Vehumet was noncommittal.
You visited 2 branches of the dungeon, and saw 7 of its levels.

You collected 224 gold pieces.

Inventory:

Hand Weapons
 b - a +3 quarterstaff (weapon)
 m - a +4 spear of freezing
Missiles
 e - 37 poisoned darts (quivered)
Armour
 a - a +0 robe (worn)
 h - a +0 pair of gloves (worn)
Scrolls
 g - 3 scrolls of identify
 i - a scroll of silence {unknown}
 j - a scroll of summoning {unknown}
 l - 2 scrolls of blinking
Potions
 c - a potion of degeneration {unknown}
 d - a potion of lignification {unknown}
 f - 2 potions of curing
 k - a potion of heal wounds {unknown}
 n - a potion of haste


   Skills:
 - Level 1.8 Dodging
 - Level 3.5 Stealth
 - Level 3.2 Spellcasting
 - Level 1.4 Transmutations
 - Level 2.0 Air Magic
 + Level 9.3 Poison Magic


You had 2 spell levels left.
You knew the following spells:

 Your Spells              Type           Power      Damage    Failure   Level
a - Sting                 Tmut/Pois      84%        1d7       1%          1
b - Poisonous Vapours     Pois/Air       44%        N/A       2%          2
c - Mephitic Cloud        Conj/Pois/Air  15%        N/A       11%         3
d - Olgreb's Toxic Radia  Pois           34%        N/A       3%          4

Your spell library contained the following spells:

 Spells                   Type           Power      Damage    Failure   Level
 Alistair's Intoxication  Tmut/Pois      14%        N/A       45%         5
 Eringya's Noxious Bog    Tmut/Pois      10%        N/A       96%         6
 Borgnjor's Vile Clutch   Necr/Erth      1%         N/A       99%         5


Dungeon Overview and Level Annotations

Branches:
Dungeon (6/15)             Temple (1/1) D:5

Altars:
Ashenzari
Cheibriados
Dithmenos
Elyvilon
Fedhas
Gozag
Hepliaklqana
Kikubaaqudgha
Makhleb
Nemelex Xobeh
Okawaru
Qazlal
Ru
Sif Muna
Trog
Uskayaw
Vehumet
Wu Jian
Xom
Yredelemnul
Zin
The Shining One

Shops:
D:1 (   D:5 :


Innate Abilities, Weirdness & Mutations

Your serpentine skin is tough. (AC +2)
You have supernaturally acute eyesight. (SInv)
Armour fits poorly on your strangely shaped body.
Your system is resistant to poisons. (rPois)
You cover ground very slowly.
You can spit poison.
You have a snake-like lower body.


Message History

Casting: Olgreb's Toxic Radiance (dangerous; 3% risk of failure)
Press: ? - help, Q - select action, (/) - cycle Dir - look around, f - activate You begin to radiate toxic energy.
The troll looks as sick as possible!
Unknown command.
Unknown command.
Your toxic aura wanes.
Throw: 39 darts (poison)
Press: ? - help, Q - select action, (/) - cycle Shift-Dir - straight line, f - troll
Aim: a troll (moderately wounded, extremely poisoned, 56% to hit)
You throw a poisoned dart.
The poisoned dart closely misses the troll.
You have got your breath back.
Throw: 38 darts (poison)
Press: ? - help, Q - select action, (/) - cycle Shift-Dir - straight line, f/p - troll
Aim: a troll (moderately wounded, extremely poisoned, 56% to hit)
You throw a poisoned dart. The poisoned dart hits the troll.
The troll looks as sick as possible!
The troll is moderately wounded.
The troll bites you! The troll barely misses you.
The troll claws you but does no damage.
Huge Dmg: -21%(-12hp) hp: 79%(43hp)
Casting: Olgreb's Toxic Radiance (dangerous; 3% risk of failure)
Confirm with . or Enter, or press ? or * to list all spells.
Aiming: Sting (safe; 1% risk of failure)
Press: ? - help, Shift-Dir - straight line, f/p - troll
Aim: a troll (moderately wounded, extremely poisoned, 76% to hit)
The sting hits the troll.
The troll looks as sick as possible!
The troll is heavily wounded.
The troll bites you! The troll barely misses you. x2
Huge Dmg: -29%(-16hp) hp: 50%(27hp)
As you read the scroll labelled UTAGULO RAOL, it crumbles to dust.
It is a scroll of identify.
l - 2 scrolls of blinking The troll bites you!
* * * LOW HITPOINT WARNING * * *
The troll claws you!
* * * LOW HITPOINT WARNING * * *
The troll claws you.
You die...

#...........#......#+####...####
#...........#......'............
#....##..>..#......#......).....
###'#########......#............
#..)...............#...##...####
#........###+###...#...##...#...
#........#.....#...#...+....#...
#........#.###.#...#...#....#...
#........'.#>'@T...#...#....#..)
#........#.###.#...#...#....)...
##########.....#..(########.#...
###+####.... #.#### ......
#....# ...... #....# .....
#....# ..... #....# #....#


You could see a troll (extremely poisoned).

Vanquished Creatures
  An ogre (D:4)
  2 scorpions
  A water moccasin skeleton (D:5)
  A hound (D:5)
  A jelly (D:5)
  2 orc priests
  An iron imp (D:5)
  An iguana (D:4)
  An orc wizard (D:4)
  A hound zombie (D:5)
  3 gnolls (D:3)
  An adder (D:2)
  An ufetubus (D:4)
  2 dart slugs
  7 orcs
  5 bats
  9 endoplasms
  5 giant cockroaches
  6 hobgoblins
  4 jackals (D:4)
  4 quokkas
  11 ball pythons
  7 goblins
  4 kobolds
  8 rats
89 creatures vanquished.

Notes
Turn   | Place    | Note
-------+----------+-------------------------------------------
     0 | D:1      | RepHenryClay the Naga Venom Mage began the quest for the
                  | Orb.
     0 | D:1      | Reached XP level 1. HP: 15/15 MP: 3/3
   134 | D:1      | Found Wyekhlots's Antique Weapon Shop.
   265 | D:1      | Reached XP level 2. HP: 22/22 MP: 0/5
   598 | D:1      | Found a faded altar of an unknown god.
  1135 | D:1      | Learned a level 2 spell: Poisonous Vapours
  1505 | D:2      | Reached XP level 3. HP: 28/28 MP: 3/6
  1724 | D:2      | Reached skill level 1 in Air Magic
  1791 | D:2      | Found a broken altar of Ashenzari.
  2431 | D:2      | Learned a level 3 spell: Mephitic Cloud
  2655 | D:3      | Reached XP level 4. HP: 15/36 MP: 2/7
  4126 | D:4      | Noticed a scorpion
  4134 | D:3      | Killed a scorpion
  4135 | D:3      | Reached skill level 5 in Poison Magic
  4135 | D:3      | Reached XP level 5. HP: 38/42 MP: 5/9
  4162 | D:3      | Learned a level 4 spell: Olgreb's Toxic Radiance
  4440 | D:4      | Reached skill level 6 in Poison Magic
  4525 | D:4      | Reached XP level 6. HP: 36/49 MP: 1/10
  4696 | D:4      | Reached skill level 7 in Poison Magic
  5246 | D:5      | Entered Level 5 of the Dungeon
  5300 | D:5      | Found Dipupp's Book Shop.
  5317 | D:5      | Reached skill level 8 in Poison Magic
  5317 | D:5      | Reached XP level 7. HP: 55/55 MP: 9/11
  5786 | D:5      | Found a snail-covered altar of Cheibriados.
  5798 | D:5      | Reached skill level 9 in Poison Magic
  6049 | D:5      | Found a staircase to the Ecumenical Temple.
  6060 | Temple   | Entered the Ecumenical Temple
  6117 | Temple   | Became a worshipper of Vehumet
  6164 | D:5      | Noticed a troll
  6173 | D:5      | Slain by a troll

Illustrated notes

Levels and vault maps discovered:
D:1:      wander_arrival_peaceful_grave, layout_basic,
          ebering_ecumenical_altar_box, serial_glass, glass_columns_a,
          glass_columns_a, glass_columns_b, glass_columns_c, glass_columns_a,
          serial_shops, nicolae_shop_behind_doors, fountainhead,
          minmay_pentomino_q2
D:2:      layout_loops_corners, basic_altar
D:3:      layout_loops_cross, skrybe_limestone_x
D:4:      layout_rooms, minmay_box_of_dots
D:5:      layout_gridville, slow_altar_1, minmay_temple_entry_glassed_door,
          serial_shops, shop, minivault_27
D:6:      layout_gridville, grunt_ministairs_4,
          nicolae_shop_sticking_my_neck_out
Temple:   kilobyte_greek_temple

Skill      XL: |  1  2  3  4  5  6  7 |
---------------+----------------------+-----
Air Magic      | 2 |  2.0
Spellcasting   | 3 |  3.2
Poison Magic   | 5 6 8 9 |  9.3
Dodging        | |  1.8
Stealth        | |  3.5
Transmutations | |  1.4

Action                   |  1- 3 |  4- 6 |  7- 9 || total
-------------------------+-------+-------+-------++-------
Melee: Quarterstaff      |    29 |    10 |    14 ||    53
Throw: Dart              |       |       |     2 ||     2
 Cast: Sting             |    63 |    74 |    21 ||   158
       Mephitic Cloud    |       |     2 |       ||     2
       Olgreb's Toxic Ra |       |     2 |     2 ||     4
       Poisonous Vapours |       |       |     2 ||     2
 Abil: Spit Poison       |     2 |     7 |     2 ||    11
  Use: Potion            |       |     1 |       ||     1
       Scroll            |       |       |     1 ||     1
 Stab: Confused          |       |     1 |       ||     1
Armor: Robe              |    13 |    13 |    11 ||    37
Dodge: Dodged            |    30 |    35 |    21 ||    86

Table legend: (Time is in decaauts)
 A = Elapsed time spent in this place.
 B = Non-inter-level travel time spent in this place.
 C = Inter-level travel time spent in this place.
 D = Time resting spent in this place.
 E = Time spent auto-exploring this place.
 F = Levels seen in this place.
 G = Mean time per level.
                   A        B        C        D        E       F      G
               +--------+--------+--------+--------+--------+-----+--------+
         Total |   7418 |   7029 |    389 |   1123 |   5127 |   7 | 1059.7 |
       Dungeon |   7280 |   6950 |    330 |   1123 |   5070 |   6 | 1213.3 |
        Temple |    138 |     79 |     59 |      0 |     57 |   1 |  138.0 |
               +--------+--------+--------+--------+--------+-----+--------+

Top non-repeatable levels by time:
     D:2: 1989 daAuts
     D:1: 1769 daAuts
     D:3: 1397 daAuts
     D:4: 1176 daAuts
     D:5: 942 daAuts
  Temple: 138 daAuts
     D:6: 5 daAuts
